 Dungeon Crawl Stone Soup version 0.28.0-53-g5a82cb258f (webtiles) character file.

Game seed: 8986159759967552763

19430 DocClef the Warrior (level 12, -10/98 HPs)
             Began as a Merfolk Gladiator on July 1, 2022.
             Was a Priest of Hepliaklqana.
             Mangled by an enormous slime creature (34 damage)
             ... on level 12 of the Dungeon.
             The game lasted 00:23:21 (16821 turns).

DocClef the Warrior (Merfolk Gladiator)            Turns: 16821, Time: 00:23:21

Health: -10/98     AC: 20    Str: 19    XL:     12   Next: 68%
Magic:  12/12      EV:  8    Int:  8    God:    Hepliaklqana [***...]
Gold:   382        SH:  0    Dex: 15    Spells: 11/11 levels left

rFire   . . .      SeeInvis .   M - +0 bardiche
rCold   . . .      Faith    .   (shield currently unavailable)
rNeg    + . .      Spirit   .   j - +0 plate armour {rN+}
rPois   .          Reflect  .   c - +0 helmet
rElec   .          Harm     .   x - +0 cloak
rCorr   .          Rampage  .   b - +0 pair of gloves
Will    +....                   (no boots)
Stlth   ..........              y - amulet of regeneration
HPRegen 1.06/turn               A - ring of willpower
MPRegen 0.13/turn               (no ring)

@: unable to read
A: reduced essence, (nimble swimmer 2), mertail, iridescent scales 1, wild magic
1, inability to read while threatened
a: Renounce Religion, Recall Ancestor, Ancestor Identity, Transference


You were on level 12 of the Dungeon.
You worshipped Hepliaklqana.
Hepliaklqana was most pleased with you.
You visited 2 branches of the dungeon, and saw 13 of its levels.

You collected 788 gold pieces.
You spent 406 gold pieces at shops.

Inventory:

Hand Weapons
 a - a +2 trident
 h - a +1 spear of venom
 M - a +0 bardiche (weapon)
Missiles
 d - 2 throwing nets (quivered)
Armour
 b - a +0 pair of gloves (worn)
 c - a +0 helmet (worn)
 j - a +0 plate armour of positive energy (worn)
 x - a +0 cloak (worn)
 F - an orb of wrath
Jewellery
 r - a ring of flight
 w - a ring of wizardry
 y - an amulet of regeneration (around neck)
 A - a ring of willpower (left hand)
 B - an amulet of the acrobat
 C - a ring of magical power
 E - an amulet of magic regeneration
Wands
 q - a wand of paralysis (9)
 G - a wand of iceblast (7)
 K - a wand of polymorph (1)
Scrolls
 e - 4 scrolls of teleportation
 g - 2 scrolls of summoning
 i - 2 scrolls of fog
 l - 3 scrolls of blinking
 u - a scroll of vulnerability
 J - a scroll of fear
Potions
 f - 2 potions of brilliance
 k - 5 potions of curing
 m - 2 potions of degeneration
 n - a potion of ambrosia
 o - a potion of magic
 p - 4 potions of lignification
 s - 2 potions of flight
 t - 3 potions of might
 v - 3 potions of haste
 z - a potion of mutation
 D - a potion of attraction


   Skills:
 - Level 15.0 Fighting
 + Level 14.8 Polearms
 - Level 2.0 Throwing
 + Level 9.1 Armour
 - Level 4.0 Dodging


You had 11 spell levels left.
You didn't know any spells.
Your spell library contained the following spells:

 Spells                   Type           Power      Damage    Failure   Level
 Apportation              Tloc           0%         N/A       100%        1
 Static Discharge         Conj/Air       0%         N/A       100%        2
 Sublimation of Blood     Necr           0%         N/A       100%        2
 Wereblood                Tmut           0%         N/A       100%        2
 Gell's Gravitas          Tloc           0%         N/A       100%        3
 Teleport Other           Tloc           0%         N/A       100%        3
 Alistair's Intoxication  Tmut/Pois      0%         N/A       100%        5
 Lightning Bolt           Conj/Air       0%         1d11      100%        5
 Dispersal                Tloc           0%         N/A       100%        6
 Summon Hydra             Summ           0%         N/A       100%        7
 Maxwell's Capacitive Co  Air            0%         ∞         100%        8


Dungeon Overview and Level Annotations

Branches:
Dungeon (12/15)            Temple (1/1) D:7            Lair (0/6) D:11
    Orc (0/2) D:10

Altars:
Ashenzari
Cheibriados
Dithmenos
Elyvilon
Fedhas
Gozag
Hepliaklqana
Kikubaaqudgha
Makhleb
Nemelex Xobeh
Okawaru
Qazlal
Ru
Sif Muna
Trog
Uskayaw
Vehumet
Wu Jian
Xom
Yredelemnul
Zin
The Shining One

Shops:
D:2 [   D:5 [   D:8 [(*   D:10 ([!


Innate Abilities, Weirdness & Mutations

Your life essence is reduced to manifest your ancestor. (-10% HP)
((You are very nimble when in or above water. (Stealth+, EV+, Speed+++)))
Your lower body shifts to a powerful aquatic tail in water.
You are partially covered in iridescent scales. (AC +2)
Your spells are a little harder to cast, but a little more powerful.
You sometimes lose the ability to read scrolls when taking damage.


Message History

The puff of frost hits the slime creature!
Two slime creatures merge to form a large slime creature.
A slime creature comes into view.
Two slime creatures merge to form a very large slime creature.
You could not reach far enough!
Xiuhtonal casts a spell at the very large slime creature.
The stone arrow hits the very large slime creature!!
You could not reach far enough!
Two slime creatures merge to form an enormous slime creature.
Xiuhtonal hits the enormous slime creature with a +0 quarterstaff!!
You could not reach far enough!
Two slime creatures merge to form a titanic slime creature.
Xiuhtonal hits the titanic slime creature with a +0 quarterstaff!!
A slime creature comes into view.
You could not reach far enough!
Xiuhtonal hits the titanic slime creature with a +0 quarterstaff!
The titanic slime creature hits Xiuhtonal!!!!
Xiuhtonal is destroyed!
You reach to attack!
You slash the titanic slime creature!
The titanic slime creature is moderately wounded.
You slice the titanic slime creature!!
The titanic slime creature is heavily wounded.
The titanic slime creature barely misses you.
You slice the titanic slime creature!!
The titanic slime creature is heavily wounded.
A titanic slime creature splits.
Two slime creatures merge to form an enormous slime creature.
You barely miss the large slime creature.
The large slime creature is heavily wounded.
The large slime creature barely misses you.
The enormous slime creature hits you!!!!
Ouch! That really hurt!
* * * LOW HITPOINT WARNING * * *
Unknown command.
You slice the large slime creature!!
The large slime creature is severely wounded.
The large slime creature closely misses you.
The enormous slime creature hits you!!
You feel threatened and lose the ability to read scrolls!
You die...

#...##.....).#......#
###........###...##..
###...#)...##..###.
###.###..........#.
.######)R.#
#.##.##....#.
........###
#.##........^
#####....#
#.#####.#####
#.##J####.. ...# #.
#@J..##. ##### ..
####..... ## .... ###
#### ..... ..###


You could see an enormous slime creature and a large slime creature.

Vanquished Creatures
  Josephine (D:11)
  2 two-headed ogres
  2 orc knights
  An orc sorcerer (D:11)
  A cyclops (D:11)
  2 komodo dragons
  An unseen horror (D:11)
  2 hornets (D:10)
  2 trolls
  2 slime creatures
  A wraith (D:10)
  8 yaks
  A shadow (D:10)
  3 wyverns
  A vampire (D:9)
  Grum (D:11)
  4 vampire mosquitoes (D:10)
  A warg (D:11)
  Duvessa (D:7)
  A water moccasin (D:11)
  2 black bears (D:7)
  2 ice beasts
  5 orc warriors
  2 sky beasts (D:7)
  4 ogres
  A necrophage (D:4)
  4 centaurs
  2 wolves (D:11)
  2 phantoms
  Blork the orc (D:5)
  3 kobold brigands
  A bullfrog (D:8)
  A gnoll sergeant (D:8)
  6 scorpions
  Dowan (D:7)
  5 killer bees
  8 wights
  4 electric eels (D:6)
  A bullfrog zombie (D:5)
  4 centaur zombies
  4 hounds
  11 orc priests
  2 bullfrog skeletons
  A centaur skeleton (D:5)
  3 gnoll shamans
  Ijyb (D:4)
  4 iguanas
  8 orc wizards
  A killer bee zombie (D:6)
  A hound skeleton (D:4)
  2 mummies
  16 gnolls
  5 adders
  A shadow imp (D:7)
  2 ufetubi
  An adder skeleton (D:4)
  3 worms
  2 dart slugs (D:2)
  25 orcs
  4 bats
  9 endoplasms
  4 giant cockroaches
  5 hobgoblins
  12 jackals (D:4)
  16 kobolds
  2 quokkas
  3 ball pythons
  11 goblins
  2 hobgoblin zombies (D:6)
  3 kobold zombies
  5 rats
266 creatures vanquished.

Vanquished Creatures (collateral kills)
  The ghost of Zukh the Thaumaturge, a journeyman GnSk of Ashenzari (D:11)
  2 two-headed ogres (D:11)
  An ugly thing (D:12)
  2 gargoyles
  A troll (D:11)
  3 slime creatures (D:12)
  5 wraiths (D:11)
  2 yaks (D:10)
  2 water moccasins (D:11)
  An orc warrior (D:11)
  2 black bears (D:11)
  A wolf (D:11)
  2 bullfrogs
  A gnoll sergeant (D:12)
  2 scorpions
  A wight (D:9)
  A howler monkey (D:8)
  An orc priest (D:9)
  A gnoll (D:12)
  An orc (D:11)
33 creatures vanquished.

Vanquished Creatures (others)
  4 battlemagi
  An ancestor (D:9)
  31 fungi (D:11)
  73 plants
109 creatures vanquished.

Grand Total: 408 creatures vanquished

Notes
Turn   | Place    | Note
-------+----------+-------------------------------------------
     0 | D:1      | DocClef the Merfolk Gladiator began the quest for the Orb.
     0 | D:1      | Reached XP level 1. HP: 16/16 MP: 1/1
   126 | D:1      | Reached skill level 5 in Polearms
   139 | D:1      | Reached XP level 2. HP: 22/22 MP: 2/2
   232 | D:1      | Found a faded altar of an unknown god.
   690 | D:2      | Reached XP level 3. HP: 27/27 MP: 3/3
   792 | D:2      | Found Ucvy's Armour Shoppe.
  1544 | D:3      | Reached XP level 4. HP: 17/33 MP: 4/4
  1758 | D:3      | Noticed a +0 short sword
  1758 | D:3      | Noticed a +0 dagger
  1758 | D:3      | Noticed a +0 spear
  1758 | D:3      | Noticed a +0 falchion
  1760 | D:3      | Noticed a +0 falchion
  1760 | D:3      | Noticed a +0 spear
  1760 | D:3      | Noticed a +0 short sword
  1771 | D:3      | Found a hide-covered altar of Uskayaw.
  1773 | D:3      | Noticed a +0 dagger
  2599 | D:2      | Reached XP level 5. HP: 31/38 MP: 5/5
  2779 | D:4      | Noticed Ijyb
  2793 | D:4      | Killed Ijyb
  2893 | D:4      | Reached XP level 6. HP: 31/44 MP: 6/6
  2999 | D:4      | Identified the +0 robe "Waups" {rPois rF+ Str+3 Slay-4}
  3280 | D:4      | Reached skill level 10 in Polearms
  3709 | D:4      | Reached XP level 7. HP: 6/50 MP: 7/7
  4647 | D:5      | Entered Level 5 of the Dungeon
  4679 | D:5      | HP: 2/50 [ogre/+0 giant club (14)]
  4858 | D:5      | Reached XP level 8. HP: 34/56 MP: 8/8
  4989 | D:5      | Found Puireewn's Antique Armour Shoppe.
  5564 | D:5      | Noticed Blork the orc
  5572 | D:5      | Killed Blork the orc
  5573 | D:5      | Reached skill level 3 in Fighting
  5914 | D:6      | Reached skill level 4 in Fighting
  6103 | D:6      | Reached skill level 5 in Fighting
  6329 | D:6      | Found a radiant altar of Vehumet.
  6726 | D:6      | Reached skill level 6 in Fighting
  6879 | D:6      | Reached XP level 9. HP: 67/69 MP: 9/9
  6892 | D:6      | Reached skill level 7 in Fighting
  8193 | D:6      | Reached skill level 8 in Fighting
  8589 | D:7      | Noticed Dowan
  8590 | D:7      | Noticed Duvessa
  8631 | D:7      | Killed Duvessa
  8636 | D:7      | Killed Dowan
  8782 | D:7      | Reached skill level 9 in Fighting
  9319 | D:7      | Reached skill level 10 in Fighting
  9377 | D:7      | Found a stormy altar of Qazlal.
  9387 | D:7      | Found a staircase to the Ecumenical Temple.
  9865 | D:7      | Found a glowing golden altar of the Shining One.
 10021 | Temple   | Entered the Ecumenical Temple
 10119 | Temple   | Became a worshipper of Hepliaklqana the Forgotten
 10451 | D:8      | Found Fuej's Armour Emporium.
 10540 | D:8      | Found Fadar's Weapon Shop.
 10547 | D:8      | Reached skill level 11 in Fighting
 10547 | D:8      | Reached XP level 10. HP: 87/87 MP: 10/10
 10594 | D:8      | Found Zaxt's General Store.
 10630 | D:8      | Found a bloodstained altar of Trog.
 10638 | D:8      | Found an opulent altar of Gozag.
 11247 | D:8      | Reached skill level 12 in Fighting
 11365 | D:8      | Reached * piety under Hepliaklqana
 12480 | D:9      | Reached skill level 13 in Fighting
 13178 | D:9      | Reached skill level 14 in Fighting
 13309 | D:10     | Entered Level 10 of the Dungeon
 13472 | D:10     | Paralysed by a hornet for 2 turns
 13949 | D:10     | Reached ** piety under Hepliaklqana
 13950 | D:10     | Remembered your ancestor Xiuhtonal as a battlemage
 13969 | D:10     | Reached XP level 11. HP: 90/90 MP: 11/11
 14110 | D:10     | Found Guceeh's Distillery.
 14118 | D:10     | Bought a potion of mutation for 112 gold pieces
 14118 | D:10     | Bought a potion of attraction for 42 gold pieces
 14118 | D:10     | Bought a potion of haste for 140 gold pieces
 14118 | D:10     | Bought a potion of mutation for 112 gold pieces
 14216 | D:10     | Reached skill level 15 in Fighting
 14255 | D:10     | Reached skill level 1 in Armour
 14301 | D:10     | Found Gicseupu's Armour Emporium.
 14301 | D:10     | Found a staircase to the Orcish Mines.
 14301 | D:10     | Found Astism's Weapon Emporium.
 14302 | D:10     | Noticed an orc knight
 14335 | D:10     | Killed an orc knight
 14545 | D:10     | Noticed a two-headed ogre
 14560 | D:10     | Killed a two-headed ogre
 14762 | D:11     | Noticed Grum
 14841 | D:11     | Killed Grum
 15190 | D:11     | Reached skill level 5 in Armour
 15309 | D:11     | Found a staircase to the Lair.
 15310 | D:11     | Noticed a two-headed ogre
 15319 | D:11     | Noticed a cyclops
 15319 | D:11     | Killed a two-headed ogre
 15341 | D:11     | Killed a cyclops
 15416 | D:11     | Reached XP level 12. HP: 98/98 MP: 12/12
 15423 | D:11     | Reached *** piety under Hepliaklqana
 15786 | D:11     | Noticed Josephine
 15968 | D:11     | Killed Josephine
 16092 | D:11     | Found a large runed translucent door.
 16093 | D:11     | Found a large runed translucent door.
 16097 | D:11     | Noticed Zukh's ghost (journeyman GnSk)
 16234 | D:11     | Noticed a two-headed ogre
 16245 | D:11     | Killed a two-headed ogre
 16418 | D:11     | Noticed a two-headed ogre
 16423 | D:11     | Killed a two-headed ogre
 16529 | D:11     | Gained mutation: You sometimes lose the ability to read
                  | scrolls when taking damage. [potion of mutation]
 16529 | D:11     | Gained mutation: Your magical capacity is low. (-10% MP)
                  | [potion of mutation]
 16529 | D:11     | Gained mutation: Your mind is acute. (Int +2) [potion of
                  | mutation]
 16530 | D:11     | Lost mutation: You sometimes lose the ability to read
                  | scrolls when taking damage. [potion of mutation]
 16530 | D:11     | Lost mutation: Your mind is acute. (Int +2) [potion of
                  | mutation]
 16530 | D:11     | Lost mutation: Your magical capacity is low. (-10% MP)
                  | [potion of mutation]
 16530 | D:11     | Gained mutation: Your spells are a little harder to cast,
                  | but a little more powerful. [potion of mutation]
 16530 | D:11     | Gained mutation: You are partially covered in iridescent
                  | scales. (AC +2) [potion of mutation]
 16530 | D:11     | Gained mutation: You sometimes lose the ability to read
                  | scrolls when taking damage. [potion of mutation]
 16539 | D:11     | Killed Zukh's ghost
 16821 | D:12     | Mangled by an enormous slime creature

Illustrated notes

Levels and vault maps discovered:
D:1:      amcnicky_arrival_gap_in_the_tavern_cellar, layout_rooms,
          hellmonk_ecumenical_altar_lost_god, supply_closet_lemuel
D:2:      layout_basic, serial_shops, nicolae_shop_crystal,
          kennysheep_cross_room
D:3:      layout_basic, nicolae_uskayaw_en_pointe
D:4:      layout_loops_cross, minmay_surrounded, uniq_ijyb
D:5:      layout_gridville, serial_shops, nicolae_shop_trees, uniq_blork_the_orc
D:6:      layout_basic, nicolae_vehumet_altar_sigil, serial_bayou,
          serial_bayou_pond_d, serial_bayou_shore_a, serial_bayou_ford_a,
          serial_bayou_pond_e, serial_bayou_lake_a,
          hangedman_decor_clover_reticule,
          hangedman_abyss_or_decor_jellyfish_corner, minmay_mini_ossuary
D:7:      layout_basic, mainiacjoe_overflow_six_doors_small,
          nicolae_tso_swordbearing_angel, minmay_temple_entry_metal_lava,
          minmay_misc_feat_alley, minmay_door_square, uniq_duvessa
D:8:      minmay_general_purpose_star, layout_loops_corners,
          mainiacjoe_overflow_big_doors, nicolae_ossuary_entry_giza,
          serial_shops, nicolae_shop_stone, shop, kennysheep_little_box
D:9:      layout_cross, hangedman_decor_growths, roderic_serpentine_path,
          st_stairs_10
D:10:     layout_gridville, orc_david_3, serial_shops, nicolae_diamond_shop
D:11:     layout_long_grid, due_lair_maze_entry_diamond,
          ebering_ghost_disaster_area, minmay_misc_feat_enclosed, uniq_grum,
          uniq_josephine
D:12:     layout_rooms
Temple:   nicolae_temple_elliptical

Skill      XL: |  1  2  3  4  5  6  7  8  9 10 11 12 |
---------------+-------------------------------------+-----
Polearms       | 5 6 7 8 9 11 13 14 | 14.8
Fighting       | 6 11 14 15 | 15.0
Armour         | 6 9 |  9.1
Throwing       | |  2.0
Dodging        | |  4.0

Action                   |  1- 3 |  4- 6 |  7- 9 | 10-12 || total
-------------------------+-------+-------+-------+-------++-------
Melee: Trident           |   115 |   186 |   456 |    56 ||   813
       Punch             |       |     1 |     3 |       ||     4
       Tailslap          |       |       |     6 |       ||     6
       Spear             |       |       |       |   484 ||   484
       Bardiche          |       |       |       |    67 ||    67
Throw: Throwing net      |       |       |       |     4 ||     4
Invok: Ancestor Life: Ba |       |       |       |     1 ||     1
       Recall Ancestor   |       |       |       |     3 ||     3
  Use: Potion            |       |     2 |     1 |     4 ||     7
       Scroll            |       |       |    16 |     3 ||    19
 Stab: Distracted        |       |       |       |     5 ||     5
       Held in net/web   |       |       |       |     1 ||     1
Armor: Leather armour    |     4 |       |       |       ||     4
       Plate armour      |    27 |   118 |   136 |   243 ||   524
Dodge: Dodged            |    36 |    51 |    55 |   128 ||   270
